 Dungeon Crawl Stone Soup version 0.29-a0-284-gf9362112df (webtiles) character file.

Game seed: 17471957839730576259

2144 YayAnonymity the Cleaver (level 9, -4/70 HPs)
             Began as a Hill Orc Monk on Mar 15, 2022.
             Slain by a two-headed ogre
             ... wielding a +0 giant club
              (25 damage)
             ... on level 6 of the Dungeon.
             The game lasted 00:13:39 (7042 turns).

YayAnonymity the Cleaver (Hill Orc Monk)            Turns: 7042, Time: 00:13:39

Health: -4/70      AC: 19    Str: 18    XL:     9   Next: 30%
Magic:  9/9        EV:  8    Int: 10    God:
Gold:   843        SH:  0    Dex: 13    Spells: 8/8 levels left

rFire   . . .      SeeInvis +   b - +2 dagger (venom)
rCold   . . .      Faith    .   (no shield)
rNeg    + . .      Spirit   .   B - +5 chain mail "Udduaw" {SInv}
rPois   .          Reflect  .   n - +0 helmet
rElec   .          Harm     .   (no cloak)
rCorr   .          Rampage  .   (no gloves)
Will    .....                   d - +1 pair of boots {Fly}
Stlth   ..........              u - amulet of regeneration
HPRegen 1.01/turn               t - ring of positive energy
MPRegen 0.11/turn               (no ring)

@: flying
A: no striking features
a: no special abilities


You were on level 6 of the Dungeon.
You visited 1 branch of the dungeon, and saw 6 of its levels.

You collected 843 gold pieces.

Inventory:

Hand Weapons
 a - a +0 battleaxe
 b - a +2 dagger of venom (weapon)
Missiles
 m - 6 poisoned darts (quivered)
 y - a throwing net
Armour
 d - a +1 pair of boots of flying (worn)
 n - a +0 helmet (worn)
 o - a +3 plate armour of poison resistance
 B - the +5 chain mail "Udduaw" (worn) {SInv}
   (You found it on level 6 of the Dungeon)

   SInv:      It lets you see invisible.
Jewellery
 t - a ring of positive energy (left hand)
 u - an amulet of regeneration (around neck)
Wands
 q - a wand of polymorph (10)
 s - a wand of paralysis (3)
 w - a wand of charming (5)
Scrolls
 g - 3 scrolls of noise
 h - 2 scrolls of teleportation
 i - 2 scrolls of amnesia
 p - 2 scrolls of fear
 x - a scroll of blinking
 C - a scroll of summoning {unknown}
Potions
 c - a potion of ambrosia
 e - 5 potions of heal wounds
 f - a potion of experience {unknown}
 j - 2 potions of mutation {unknown}
 k - a potion of brilliance {unknown}
 l - a potion of curing
 r - a potion of attraction
 v - 3 potions of lignification {unknown}
 z - a potion of flight {unknown}
 A - a potion of cancellation {unknown}


   Skills:
 - Level 3.6 Fighting
 + Level 13.0 Axes
 + Level 7.8 Armour
 - Level 2.4 Dodging
 - Level 1.5 Stealth


You had 8 spell levels left.
You didn't know any spells.
Your spell library contained the following spells:

 Spells                   Type           Power      Damage    Failure   Level
 Animate Skeleton         Necr           0%         N/A       98%         1
 Pain                     Necr           0%         1d4       98%         1
 Ensorcelled Hibernation  Hex/Ice        0%         N/A       99%         2
 Passwall                 Tmut/Erth      0%         N/A       99%         2
 Sublimation of Blood     Necr           0%         N/A       99%         2
 Gell's Gravitas          Tloc           0%         N/A       100%        3
 Swiftness                Air            0%         N/A       100%        3
 Teleport Other           Tloc           0%         N/A       100%        3
 Vampiric Draining        Necr           0%         2d6       100%        3
 Fulminant Prism          Conj/Hex       0%         3d6       100%        4
 Iskenderun's Mystic Bla  Conj/Tloc      0%         2d3       100%        4
 Petrify                  Tmut/Erth      0%         N/A       100%        4
 Irradiate                Conj/Tmut      0%         3d13      100%        5
 Lee's Rapid Deconstruct  Erth           0%         3d5*      100%        5
 Dispersal                Tloc           0%         N/A       100%        6


Dungeon Overview and Level Annotations

Branches:
Dungeon (6/15)             Temple (0/1) D:6

Altars:
Wu Jian

Shops:
D:4 (


Message History

Found a staircase to the Ecumenical Temple.
Okay, then.
Press: ? - help, . - travel You can't see that place. [a rock wall.]
There is a stone staircase leading down here.
The two-headed ogre shouts in stereo!
There is a stone staircase leading up here.
Throw: 8 darts (poison)
Press: ? - help, Q - select action, (/) - cycle Shift-Dir - straight line, f - two-headed ogre
Aim: a two-headed ogre, wielding two +0 giant clubs (73% to hit)
You throw a poisoned dart.
The poisoned dart hits the two-headed ogre.
You hit the two-headed ogre but do no damage.
The two-headed ogre is poisoned.
The two-headed ogre barely misses you.
The two-headed ogre hits you but does no damage.
You hit the two-headed ogre.
The two-headed ogre looks as sick as possible!
The two-headed ogre is lightly wounded.
The two-headed ogre attacks as you move away!
The two-headed ogre closely misses you.
The two-headed ogre hits you but does no damage.
There is a stone staircase leading down here.
The two-headed ogre attacks as you move away!
The two-headed ogre hits you with a +0 giant club!
The two-headed ogre hits you with a +0 giant club.
Throw: 7 darts (poison)
Press: ? - help, Q - select action, (/) - cycle Shift-Dir - straight line, f/p - two-headed ogre
Aim: a two-headed ogre, wielding two +0 giant clubs (lightly wounded, very poisoned, 73% to hit)
You throw a poisoned dart.
The poisoned dart hits the two-headed ogre.
The two-headed ogre looks as sick as possible!
The two-headed ogre is lightly wounded.
The two-headed ogre attacks as you move away!
The two-headed ogre hits you with a +0 giant club!
The two-headed ogre hits you with a +0 giant club!!
* * * LOW HITPOINT WARNING * * *
The two-headed ogre attacks as you move away!
The two-headed ogre hits you with a +0 giant club!!
You die...

#.# . #......#.....(.[..o...
#.#.#.########...##.#.#####.
#.#...# #....<...# #.
#.#.>.# ##.>##.#######.
#.#...# #(.##......##.
####### ##...####......
####..[..# #.#.##.
#.O......# #.#.##.
#@##.....# #.#.†..
#.###...## #.#.### #.# #.###
#.#.# #.# #.# #.#.# #.# #.#
#.#.### #### ##########.#
#.# #...... ...#
#..........# #.# ##.#....
##.####.##########
#.#####.#...## ........#
#..........###


You could see a two-headed ogre (very poisoned).

Vanquished Creatures
  Sigmund (D:2)
  Edmund (D:4)
  2 sky beasts
  A black bear (D:5)
  An orc warrior (D:6)
  An ogre (D:4)
  A centaur (D:5)
  2 phantoms
  2 necrophages (D:5)
  3 scorpions
  3 killer bees (D:4)
  A howler monkey (D:5)
  4 hounds
  2 jellies (D:6)
  An orc priest (D:6)
  4 iguanas
  Ijyb (D:3)
  Natasha (thrice) (D:3)
  An orc wizard (D:6)
  Robin (D:3)
  7 gnolls
  6 adders
  2 white imps
  An ufetubus (D:5)
  4 dart slugs
  21 orcs
  13 endoplasms
  3 giant cockroaches (D:1)
  19 goblins
  13 hobgoblins
  4 jackals
  4 kobolds
  3 quokkas
  3 ball pythons
  5 bats
  4 frilled lizards
  3 rats
151 creatures vanquished.

Notes
Turn   | Place    | Note
-------+----------+-------------------------------------------
     0 | D:1      | YayAnonymity the Hill Orc Monk began the quest for the Orb.
     0 | D:1      | Reached XP level 1. HP: 19/19 MP: 1/1
    89 | D:1      | Reached XP level 2. HP: 15/26 MP: 2/2
   416 | D:1      | Reached skill level 5 in Axes
   429 | D:1      | Found a faded altar of an unknown god.
  1397 | D:2      | Reached XP level 3. HP: 20/31 MP: 3/3
  1660 | D:2      | Noticed Sigmund
  1808 | D:2      | Killed Sigmund
  1809 | D:2      | Reached skill level 8 in Axes
  1809 | D:2      | Reached XP level 4. HP: 24/39 MP: 4/4
  1809 | D:2      | Reached XP level 5. HP: 28/45 MP: 5/5
  2293 | D:2      | Found an ornate altar of the Wu Jian Council.
  2623 | D:2      | Reached XP level 6. HP: 51/51 MP: 6/6
  2822 | D:3      | Noticed Robin
  2925 | D:3      | Killed Robin
  3070 | D:3      | Noticed Natasha
  3076 | D:3      | Killed Natasha
  3077 | D:3      | Reached skill level 9 in Axes
  3117 | D:3      | Noticed Natasha
  3126 | D:3      | Killed Natasha
  3174 | D:3      | Noticed Natasha
  3179 | D:3      | Killed Natasha
  3215 | D:3      | Paralysed by an orc for 7 turns
  3287 | D:3      | Reached skill level 1 in Armour
  3422 | D:3      | Noticed Ijyb
  3472 | D:3      | Killed Ijyb
  3757 | D:4      | Reached XP level 7. HP: 37/57 MP: 7/7
  3847 | D:4      | Found Qanihat's Antique Weapon Shop.
  3960 | D:4      | Noticed Edmund
  3986 | D:4      | Killed Edmund
  3987 | D:4      | Reached skill level 10 in Axes
  5090 | D:5      | Entered Level 5 of the Dungeon
  5174 | D:5      | Reached XP level 8. HP: 64/64 MP: 8/8
  5351 | D:4      | Reached skill level 11 in Axes
  5367 | D:4      | Reached skill level 5 in Armour
  5892 | D:5      | Reached skill level 12 in Axes
  5964 | D:5      | Reached XP level 9. HP: 70/70 MP: 9/9
  6068 | D:6      | Identified the +5 chain mail "Udduaw" {SInv}
  6603 | D:6      | Identified a scroll of acquirement
  6603 | D:6      | Acquired 440 gold pieces
  6686 | D:6      | Reached skill level 13 in Axes
  6791 | D:6      | Noticed a two-headed ogre
  6888 | D:6      | Found a staircase to the Ecumenical Temple.
  7042 | D:6      | Slain by a two-headed ogre

Illustrated notes

Levels and vault maps discovered:
D:1:      lightli_arrival_maybe_door_vault, layout_basic,
          shapermc_ecumenical_altar_totnotflames, minmay_ruptured
D:2:      layout_basic, basic_altar, guppyfry_early_orc_mine, uniq_sigmund
D:3:      layout_rooms, uniq_robin, uniq_natasha, uniq_ijyb
D:4:      kennysheep_the_goblin_king, layout_layer_cave, serial_shops, shop,
          minmay_cut_off, uniq_edmund
D:5:      layout_rooms, minmay_pentangle
D:6:      layout_loops_ring, minmay_temple_entry_from_below_a,
          kennysheep_generic_room_10

Skill      XL: |  1  2  3  4  5  6  7  8  9 |
---------------+----------------------------+-----
Axes           | 5 8 9 10 12 13 | 13.0
Armour         | 2 4 6 7 |  7.8
Fighting       | |  3.6
Dodging        | |  2.4
Stealth        | |  1.5

Action                   |  1- 3 |  4- 6 |  7- 9 || total
-------------------------+-------+-------+-------++-------
Melee: Hand axe          |    40 |     4 |    94 ||   138
       Dagger            |    42 |   191 |   147 ||   380
       Punch             |     1 |     3 |     4 ||     8
       Battleaxe         |       |       |    75 ||    75
Throw: Dart              |       |       |     6 ||     6
  Use: Scroll            |       |     6 |     7 ||    13
 Stab: Sleeping          |     1 |     2 |     1 ||     4
       Distracted        |       |     1 |       ||     1
Armor: Robe              |     9 |       |       ||     9
       Ring mail         |    12 |    70 |       ||    82
       Leather armour    |       |    17 |   123 ||   140
       Chain mail        |       |       |    40 ||    40
Dodge: Dodged            |    50 |   136 |   172 ||   358

Table legend: (Time is in decaauts)
 A = Elapsed time spent in this place.
 B = Non-inter-level travel time spent in this place.
 C = Inter-level travel time spent in this place.
 D = Time resting spent in this place.
 E = Time spent auto-exploring this place.
 F = Levels seen in this place.
 G = Mean time per level.
                   A        B        C        D        E       F      G
               +--------+--------+--------+--------+--------+-----+--------+
         Total |   7035 |   6672 |    363 |    657 |   4395 |   6 | 1172.5 |
       Dungeon |   7035 |   6672 |    363 |    657 |   4395 |   6 | 1172.5 |
               +--------+--------+--------+--------+--------+-----+--------+

Top non-repeatable levels by time:
     D:1: 1501 daAuts
     D:4: 1477 daAuts
     D:2: 1413 daAuts
     D:6: 984 daAuts
     D:5: 889 daAuts
     D:3: 768 daAuts
